 Dungeon Crawl Stone Soup version 0.28-a0-1002-gf00fe891ef (webtiles) character file.

Game seed: 6590921970858732817

4881 ytrimaz the Martial Artist (level 10, 0/82 HPs)
             Began as an Octopode Transmuter on Dec 6, 2021.
             Was an Initiate of Ashenzari.
             Slain by a freezing wraith (7 damage)
             ... on level 8 of the Dungeon.
             The game lasted 00:14:31 (8965 turns).

ytrimaz the Martial Artist (Octopode Transmuter)    Turns: 8965, Time: 00:14:31

Health: 0/82       AC:  7    Str: 15    XL:     10   Next: 50%
Magic:  18/18      EV: 10    Int: 21    God:    Ashenzari [......]
Gold:   968        SH:  0    Dex: 12    Spells: 11/19 levels left

rFire   . . .      SeeInvis .     - Unarmed
rCold   + + +      Faith    .   (shield currently unavailable)
rNeg    . . .      Spirit   .   (helmet currently unavailable)
rPois   +          Reflect  .   b - amulet of Kuyhov {Regen+ Slay+3}
rElec   .          Harm     .   a - ring of protection from fire
rCorr   .          Rampage  .   o - +4 ring of slaying
Will    .....                   s - +6 ring of strength
Stlth   +.........              (no ring)
HPRegen 1.03/turn               (no ring)
MPRegen 0.16/turn               (no ring)
                                (no ring)
                                (no ring)

@: ice-form, slowed, very slow
A: freezing attack, boosted hp, almost no armour, amphibious, 8 rings, large,
(camouflage 1), (gelatinous body 1), (nimble swimmer 1), (tentacles)
a: End Transformation, Renounce Religion, Curse Item


You were on level 8 of the Dungeon.
You worshipped Ashenzari.
Ashenzari was noncommittal.
You were a creature of crystalline ice.
You visited 2 branches of the dungeon, and saw 9 of its levels.

You collected 968 gold pieces.

Inventory:

Jewellery
 a - a ring of protection from fire (left front paw)
 b - the amulet of Kuyhov (around neck) {Regen+ Slay+3}
   (You acquired it on level 2 of the Dungeon)

   [amulet of regeneration]

   Slay:      It affects your accuracy & damage with ranged weapons and melee
   (+3).
   Regen:     It increases your rate of health regeneration.
 c - a ring of ice
 o - a +4 ring of slaying (right front paw)
 s - a +6 ring of strength (on tentacle)
Wands
 i - a wand of iceblast (14)
 n - a wand of flame (19)
 r - a wand of digging (1)
Scrolls
 d - 2 scrolls of fog
 g - a scroll of teleportation
 p - a scroll of blinking
 q - a scroll of magic mapping
Potions
 e - a potion of mutation {unknown}
 f - 4 potions of attraction
 h - 2 potions of lignification
 j - 2 potions of flight
 k - a potion of ambrosia
 l - 2 potions of brilliance {unknown}
 m - 2 potions of haste {unknown}


   Skills:
 * Level 6.5 Fighting
 * Level 2.8 Dodging
 - Level 0.5 Shields
 + Level 10.5 Unarmed Combat
 + Level 5.4 Spellcasting
 * Level 7.3 Transmutations


You had 11 spell levels left.
You knew the following spells:

 Your Spells              Type           Power      Damage    Failure   Level
a - Beastly Appendage     Tmut           72%        N/A       1%          1
b - Spider Form           Tmut/Pois      21%        N/A       7%          3
c - Ice Form              Ice/Tmut       21%        N/A       22%         4

Your spell library contained the following spells:

 Spells                   Type           Power      Damage    Failure   Level
 Wereblood                Tmut           36%        N/A       1%          2
 Animate Skeleton         Necr           10%        N/A       11%         1
 Magic Dart               Conj           20%        1d4       11%         1
 Pain                     Necr           20%        1d5       11%         1
 Blade Hands              Tmut           18%        N/A       14%         5
 Blink                    Tloc           10%        N/A       16%         2
 Corpse Rot               Necr/Air       10%        N/A       16%         2
 Ensorcelled Hibernation  Hex/Ice        10%        N/A       16%         2
 Poisonous Vapours        Pois/Air       10%        N/A       16%         2
 Searing Ray              Conj           10%        2d4       16%         2
 Portal Projectile        Hex/Tloc       10%        N/A       30%         3
 Tukima's Dance           Hex            5%         N/A       30%         3
 Vampiric Draining        Necr           5%         2d6       30%         3
 Yara's Violent Unravell  Hex/Tmut       10%        3d6       54%         5
 Fulminant Prism          Conj/Hex       2%         3d6       71%         4
 Passage of Golubria      Tloc           5%         N/A       71%         4
 Excruciating Wounds      Necr           2%         N/A       96%         5
 Manifold Assault         Tloc           5%         N/A       96%         5
 Storm Form               Tmut/Air       10%        N/A       100%        7
 Chain Lightning          Conj/Air       2%         3d3       100%        9
 Fire Storm               Conj/Fire      2%         8d1       100%        9
 Shatter                  Erth           2%         3d6*      100%        9


Dungeon Overview and Level Annotations

Branches:
Dungeon (8/15)             Temple (1/1) D:5
   Lair: D:8-11

Altars:
Ashenzari
Cheibriados
Dithmenos
Elyvilon
Fedhas
Gozag
Hepliaklqana
Kikubaaqudgha
Makhleb
Nemelex Xobeh
Okawaru
Qazlal
Ru
Sif Muna
Trog
Uskayaw
Vehumet
Wu Jian
Xom
Yredelemnul
Zin
The Shining One


Innate Abilities, Weirdness & Mutations

You are a creature of crystalline ice.
You have a powerful freezing melee attack.
Your maximum health is increased.
Your armour is entirely melded.
You are incapable of wielding weapons or throwing items.
You cannot wear most types of armour.
You are amphibious.
You can wear up to eight rings at the same time.
((Your skin changes colour to match your surroundings (Stealth+).))
((Your rubbery body absorbs attacks. (AC +1, EV +1)))
((You are camouflaged near water. (Stealth+)))
((You have tentacles for arms and can constrict up to eight enemies at once.))


Message History

You punch the freezing wraith!
The freezing wraith is heavily damaged.
The freezing wraith hits you! The freezing wraith freezes you. You resist.
The freezing wraith barely misses you.
You punch the freezing wraith!
The freezing wraith is severely damaged.
The freezing wraith closely misses you.
The freezing wraith hits you but does no damage.
The freezing wraith hits you! The freezing wraith freezes you. You resist.
The freezing wraith closely misses you.
You pummel the freezing wraith!!
You destroy the freezing wraith!
You punch the white imp! You freeze the white imp.
You kill the white imp!
A white imp comes into view.
You pummel the freezing wraith!!
The freezing wraith is severely damaged.
The freezing wraith barely misses you. The freezing wraith hits you.
The freezing wraith drains your vigour!
You feel as though you will be slow longer.
The freezing wraith barely misses you. The freezing wraith hits you.
The freezing wraith drains your vigour!
You feel as though you will be slow longer.
You hit the freezing wraith but do no damage.
The freezing wraith is severely damaged.
The freezing wraith hits you but does no damage.
The freezing wraith barely misses you.
You hit the freezing wraith.
The freezing wraith is severely damaged.
The freezing wraith hits you!
* * * LOW HITPOINT WARNING * * *
The freezing wraith freezes you. You resist.
* * * LOW HITPOINT WARNING * * *
The freezing wraith hits you!
* * * LOW HITPOINT WARNING * * *
Okay, then.
You barely miss the freezing wraith.
The freezing wraith is severely damaged.
The freezing wraith hits you!
You die...

..##.# ...#≈ ...
#.##.# #..≈# ..#
#)##.. #.. #..≈###
≈..# #.##..
≈...##..#≈≈##≈..##
...#.#
#....$...#≈≈#....
.....#
≈.................
.......#
######......(.?.#
.....###
#.#####''''####
...###
#....YW5...#
######
#.##########
.....# #.# ####.#
#.# #.# #†#
#.#######†#
#)........#
###########


You could see a freezing wraith and a white imp.

Vanquished Creatures
  A two-headed ogre (D:7)
  A freezing wraith (D:8)
  An ice devil (D:8)
  A hornet (D:8)
  4 yaks (D:8)
  A steam dragon (D:7)
  2 water moccasins
  2 hornet zombies (D:7)
  2 ice beasts (D:5)
  A necrophage (D:5)
  3 ogres
  2 centaurs
  2 phantoms (D:5)
  A kobold brigand (D:8)
  3 bullfrogs
  3 scorpions
  A water moccasin skeleton (D:6)
  3 killer bees
  2 centaur zombies (D:7)
  A centaur skeleton (D:5)
  4 jellies
  A hound (D:5)
  2 orc priests
  2 gnoll shamans
  An iron imp (D:7)
  2 bullfrog skeletons
  6 iguanas
  7 orc wizards
  A killer bee zombie (D:6)
  A hound zombie (D:5)
  A hound skeleton (D:4)
  2 gnolls (D:5)
  5 adders
  3 shadow imps
  4 white imps
  An ufetubus (D:4)
  A worm (D:5)
  7 dart slugs
  20 orcs
  3 bats
  7 endoplasms
  6 giant cockroaches
  11 hobgoblins
  11 jackals
  5 quokkas
  8 ball pythons
  9 goblins
  11 kobolds
  8 rats
187 creatures vanquished.

Notes
Turn   | Place    | Note
-------+----------+-------------------------------------------
     0 | D:1      | ytrimaz the Octopode Transmuter began the quest for the
                  | Orb.
     0 | D:1      | Reached XP level 1. HP: 13/13 MP: 3/3
   481 | D:1      | Reached XP level 2. HP: 18/18 MP: 3/5
  1160 | D:1      | Reached XP level 3. HP: 22/23 MP: 4/6
  1751 | D:2      | Found a white marble altar of Elyvilon.
  1945 | D:2      | Learned a level 3 spell: Spider Form
  2296 | D:2      | Reached XP level 4. HP: 28/28 MP: 3/7
  2398 | D:2      | Reached skill level 4 in Unarmed Combat
  2479 | D:2      | You fall into a shaft and drop 1 floor!
  2868 | D:2      | Identified a scroll of acquirement
  2868 | D:2      | Acquired the amulet of Kuyhov {Regen+ Slay+3}
  3051 | D:3      | Reached XP level 5. HP: 32/34 MP: 4/8
  3715 | D:3      | Found a faded altar of an unknown god.
  3906 | D:3      | Acquired 487 gold pieces
  4380 | D:4      | Found a shadowy altar of Dithmenos.
  4382 | D:4      | Found an iron altar of Okawaru.
  4439 | D:4      | Found a hazy altar of Hepliaklqana.
  4449 | D:4      | Found a basalt altar of Yredelemnul.
  4522 | D:4      | Reached XP level 6. HP: 40/40 MP: 10/10
  4713 | D:4      | Found a sparkling altar of Nemelex Xobeh.
  4843 | D:5      | Entered Level 5 of the Dungeon
  4856 | D:5      | Reached skill level 5 in Unarmed Combat
  4860 | D:5      | Found a staircase to the Ecumenical Temple.
  4871 | Temple   | Entered the Ecumenical Temple
  5179 | D:3      | Prayed at the altar of an unknown god.
  5179 | D:3      | Became a worshipper of Elyvilon the Healer
  5179 | D:3      | Reached * piety under Elyvilon
  5395 | D:5      | Identified the +7 falchion of the Big Fish {vamp, rElec
                  | Int+4 Dex+3 SInv}
  5415 | D:5      | Noticed an ice beast
  5428 | D:5      | Killed an ice beast
  5429 | D:5      | Reached XP level 7. HP: 46/46 MP: 5/11
  5590 | D:4      | Learned a level 4 spell: Ice Form
  5642 | D:4      | Reached skill level 6 in Unarmed Combat
  5786 | D:5      | Reached XP level 8. HP: 54/54 MP: 10/13
  5905 | D:5      | Reached skill level 5 in Transmutations
  6420 | D:6      | Reached skill level 7 in Unarmed Combat
  6435 | D:6      | Reached ** piety under Elyvilon
  6448 | D:6      | HP: 2/54 [water moccasin (9)]
  6921 | D:6      | Identified the +2 buckler of Darkness {Drain Will++ Int+4}
  6943 | D:6      | Reached XP level 9. HP: 46/60 MP: 15/15
  6980 | D:6      | Found a broken altar of Ashenzari.
  7025 | D:6      | Fell from the grace of Elyvilon
  7025 | D:6      | Became a worshipper of Ashenzari the Shackled
  7062 | D:6      | Reached skill level 5 in Fighting
  7305 | D:6      | Reached skill level 8 in Unarmed Combat
  7576 | D:7      | Found a glowing silver altar of Zin.
  8005 | D:7      | Reached skill level 9 in Unarmed Combat
  8074 | D:7      | Found a snail-covered altar of Cheibriados.
  8289 | D:7      | Noticed a two-headed ogre
  8296 | D:7      | Killed a two-headed ogre
  8297 | D:7      | Reached skill level 5 in Spellcasting
  8297 | D:7      | Reached XP level 10. HP: 57/68 MP: 14/17
  8407 | D:8      | Found a hide-covered altar of Uskayaw.
  8621 | D:8      | Reached skill level 10 in Unarmed Combat
  8965 | D:8      | Slain by a freezing wraith

Illustrated notes

Levels and vault maps discovered:
D:1:      kilobyte_arrival_exit_the_forest, layout_basic
D:2:      layout_basic, basic_altar
D:3:      layout_loops_corners, dreamdust_ecumenical_altar_statues,
          minmay_misc_feat_four_crosses, grunt_decor_clamped
D:4:      layout_loops_cross, nemelex_xobeh_ov_fountains_minmay,
          mainiacjoe_overflow_alcove_4, grunt_temple_overflow_open,
          amcnicky_mini_corridor_feature, kennysheep_generic_room_4
D:5:      minmay_razor_zed, layout_cave_pools, minmay_temple_entry_sparse_star
D:6:      layout_rooms, nicolae_ashenzari_panopticon
D:7:      layout_loops_ring, mainiacjoe_overflow_chevrons, slow_altar_2,
          hangedman_minor_gate_pass
D:8:      layout_loops_ring, lemuel_round_altar,
          hellmonk_guarded_unrand_frostbite
Temple:   oiseaux_autumnal_temple

Skill      XL: |  1  2  3  4  5  6  7  8  9 10 |
---------------+-------------------------------+-----
Unarmed Combat | 4 5 6 7 9 10 | 10.5
Fighting       | 2 3 4 6 |  6.5
Transmutations | 3 4 5 6 7 |  7.3
Spellcasting   | 3 4 5 |  5.4
Dodging        | |  2.8
Shields        | |  0.5

Action                   |  1- 3 |  4- 6 |  7- 9 | 10-12 || total
-------------------------+-------+-------+-------+-------++-------
Melee: Unarmed           |    86 |   138 |   234 |    58 ||   516
       Tentacles         |    15 |    11 |     9 |       ||    35
       Constrict         |    16 |    17 |    12 |     1 ||    46
       Kick              |     7 |     6 |    10 |       ||    23
       Punch             |     1 |     1 |     5 |       ||     7
 Cast: Beastly Appendage |    10 |    11 |     6 |       ||    27
       Spider Form       |     3 |    11 |    27 |     5 ||    46
       Ice Form          |       |       |       |     2 ||     2
  Use: Scroll            |     2 |     9 |     7 |       ||    18
       Potion            |       |       |     1 |       ||     1
 Stab: Sleeping          |     3 |     6 |     2 |       ||    11
Armor: Skin              |    12 |    12 |    14 |     6 ||    44
Dodge: Dodged            |    56 |   113 |   191 |    34 ||   394
Block: Buckler           |       |       |     3 |       ||     3

Table legend: (Time is in decaauts)
 A = Elapsed time spent in this place.
 B = Non-inter-level travel time spent in this place.
 C = Inter-level travel time spent in this place.
 D = Time resting spent in this place.
 E = Time spent auto-exploring this place.
 F = Levels seen in this place.
 G = Mean time per level.
                   A        B        C        D        E       F      G
               +--------+--------+--------+--------+--------+-----+--------+
         Total |   8915 |   8506 |    409 |    927 |   5810 |   9 |  990.6 |
       Dungeon |   8669 |   8279 |    390 |    927 |   5608 |   8 | 1083.6 |
        Temple |    245 |    226 |     19 |      0 |    202 |   1 |  245.0 |
               +--------+--------+--------+--------+--------+-----+--------+

Top non-repeatable levels by time:
     D:5: 1541 daAuts
     D:2: 1476 daAuts
     D:1: 1469 daAuts
     D:3: 1316 daAuts
     D:7: 888 daAuts
     D:4: 770 daAuts
     D:6: 653 daAuts
     D:8: 553 daAuts
  Temple: 245 daAuts
